 Dungeon Crawl Stone Soup version 0.29.0-4-gdea44cf6ec (webtiles) character file.

Game seed: 5911672233027111667

23 qw the Shield-Bearer (level 2, -6/19 HPs)
             Began as a Gargoyle Fighter on Sept 10, 2022.
             Mangled by a hobgoblin
             ... wielding a +0 quarterstaff
              (10 damage)
             ... on level 2 of the Dungeon.
             The game lasted 00:00:23 (1101 turns).

qw the Shield-Bearer (Gargoyle Fighter)             Turns: 1101, Time: 00:00:23

Health: -6/19      AC: 14    Str: 19    XL:     2   Next: 95%
Magic:  2/2        EV:  5    Int:  8    God:
Gold:   109        SH:  4    Dex:  9    Spells: 1/1 levels left

rFire   . . .      SeeInvis .   Y - +0 war axe
rCold   . . .      Faith    .   c - +0 buckler
rNeg    + . .      Spirit   .   e - +0 plate armour
rPois   inf        Reflect  .   (no helmet)
rElec   +          Harm     .   (no cloak)
rCorr   .          Rampage  .   (no gloves)
Will    .....                   (no boots)
Stlth   ..........              (no amulet)
HPRegen 0.06/turn               (no ring)
MPRegen 0.08/turn               (no ring)

@: no status effects
A: sickness immunity, AC +2, negative energy resistance 1, electricity
resistance, torment resistance 1, petrification resistance
a: no special abilities


You were on level 2 of the Dungeon.
You visited 1 branch of the dungeon, and saw 2 of its levels.

You collected 109 gold pieces.


Innate Abilities, Weirdness & Mutations

You are immune to sickness and miasma.
Your stone body is resilient. (AC +2)
You are immune to poison.
You resist negative energy. (rN+)
You are resistant to electric shocks. (rElec)
You are resistant to unholy torment.
You are immune to petrification.


   Skills:
 - Level 3.2 Fighting
 + Level 3.0 Axes
 - Level 3.2 Armour
 - Level 3.2 Shields


You had one spell level left.
You didn't know any spells.
Your spell library was empty.

Inventory:

Hand Weapons
 j - a +0 club
 Y - a +0 war axe (weapon)
Armour
 c - a +0 buckler (worn)
 e - a +0 plate armour (worn)
Potions
 d - a potion of might
 g - a potion of heal wounds {unknown}
 h - a potion of attraction {unknown}
 k - 5 potions of curing {unknown}

Dungeon Overview and Level Annotations

Branches:
Dungeon (2/15)

Altars:

Shops:
D:1 [


Message History

Enter note:
Enter note: You slash the bat!
You kill the bat!
Your Axes skill increases to level 3!
You now have 109 gold pieces (gained 13).
A goblin comes into view. It is wielding a +0 dagger.
The goblin shouts!
Enter note: You barely miss the goblin.
The goblin hits you but does no damage. x2
You barely miss the goblin. The goblin hits you but does no damage.
You barely miss the goblin. The goblin hits you but does no damage.
You closely miss the goblin. The goblin hits you but does no damage.
The goblin barely misses you.
You barely miss the goblin. You block the goblin's attack.
You closely miss the goblin. The goblin hits you but does no damage.
You slash the goblin!
You kill the goblin!
You see here a +0 dagger.
Found a stone staircase leading down.
A hobgoblin comes into view. It is wielding a +0 quarterstaff.
The hobgoblin shouts!
An orc comes into view. It is wielding a +0 short sword.
An endoplasm comes into view.
You barely miss the hobgoblin.
The hobgoblin hits you with a +0 quarterstaff.
You hit the hobgoblin.
The hobgoblin is heavily wounded.
The hobgoblin hits you with a +0 quarterstaff!
You closely miss the hobgoblin.
The hobgoblin is heavily wounded.
The hobgoblin hits you with a +0 quarterstaff.
The hobgoblin hits you with a +0 quarterstaff!
Ouch! That really hurt!
You die...

.. #.....#.#..#. #.
...#.>....#.....#.#..#.
##.###.##......#.....#.####.
.#...................##.# #.
.....................##.####.
.... ... ......).....#......
#...#.# #o##.#.............
.##...#.###g##.#.............
............@........######.#
########.####.........# #.#
.......).####...#.....# #.#
########........#.....# #.#
#..............# #.#
#........#.....# #.#
####........#### #.#
#..........#### #.#
#######.......#.....####.#


You could see an orc and a hobgoblin.

Vanquished Creatures
  2 dart slugs
  3 bats (D:2)
  2 endoplasms
  4 goblins
  3 frilled lizards (D:1)
  3 kobolds (D:1)
  A rat (D:2)
18 creatures vanquished.

Notes
Turn   | Place    | Note
-------+----------+-------------------------------------------
     0 | D:1      | qw the Gargoyle Fighter began the quest for the Orb.
     0 | D:1      | Reached XP level 1. HP: 14/14 MP: 1/1
     0 | D:1      | 0 ||| qw: Version: 0.1-a-116-g5d60599
     0 | D:1      | 0 ||| qw: Game counter: 7468
     0 | D:1      | 0 ||| qw: Always use a shield: true
     0 | D:1      | 0 ||| qw: God list: Okawaru
     0 | D:1      | 0 ||| qw: Allow faded altars: false
     0 | D:1      | 0 ||| qw: Do Orc after D:15 true
     0 | D:1      | 0 ||| qw: Do second Lair branch before Depths: true
     0 | D:1      | 0 ||| qw: Lair rune preference: random
     0 | D:1      | 0 ||| qw: Plans: Normal, Zot, God:TSO, Crypt, Tomb, Zig,
                  | Orb
     0 | D:1      | 0 ||| PLANNING D:1-11
    73 | D:1      | You fall into a shaft and drop 1 floor!
   191 | D:2      | Reached XP level 2. HP: 16/19 MP: 2/2
   247 | D:2      | 247 ||| DROPPING orb of guile.
   248 | D:2      | 248 ||| DROPPING ring of wizardry.
   591 | D:1      | Found Xiecyafa's Armour Shop.
   600 | D:1      | 600 ||| SHOPLISTING +0 helmet (58 gold, have 53).
   600 | D:1      | 600 ||| SHOPLISTING +3 hat of Pondering {ponderous, Will+
                  | MP+10 Int+5} (495 gold, have 53).
   687 | D:1      | 687 ||| Stepping ~*~*~tactically~*~*~ (stealth).
   791 | D:1      | 791 ||| UPGRADING to +0 plate armour.
   801 | D:1      | 801 ||| DROPPING +0 scale mail.
   802 | D:1      | 802 ||| READING scroll labelled UNYBLA MITUTYA.
   803 | D:1      | 803 ||| READING scroll labelled ZEIRAA KIUPE.
   807 | D:1      | 807 ||| READING scroll labelled UVAASO ORCHA.
  1048 | D:2      | Reached skill level 3 in Axes
  1101 | D:2      | HP: 4/19 [hobgoblin/+0 quarterstaff (1)]
  1101 | D:2      | Mangled by a hobgoblin

Levels and vault maps discovered:
D:1:      minmay_arrival_up_and_down, layout_rooms, serial_shops,
          nicolae_lakefront_shop, minmay_unequal
D:2:      layout_basic, hellmonk_ecumenical_altar_prayer_group, basic_altar

Skill      XL: |  1  2 |
---------------+-------+-----
Axes           | 2 3 |  3.0
Fighting       | |  3.2
Armour         | |  3.2
Shields        | |  3.2

Action                   || total
-------------------------++-------
Melee: War axe           ||    55
  Use: Scroll            ||     3
Armor: Scale mail        ||    16
       Plate armour      ||    13
Dodge: Dodged            ||    18
Block: Buckler           ||     8

Table legend:
 A = Non-vault XP
 B = Vault XP
 C = Vault XP percentage of total XP
 D = Non-vault monster count
 E = Vault monster count
 F = Vault count percentage of total count
                 A         B        C        D         E       F
            +---------+---------+-------+---------+---------+-------
      Total |      30 |       3 |   9.1 |      16 |       2 |  11.1
            +---------+---------+-------+---------+---------+-------
        D:1 |      14 |       3 |  17.6 |       8 |       2 |  20.0
        D:2 |      16 |       0 |   0.0 |       8 |       0 |   0.0
            +---------+---------+-------+---------+---------+-------
